 Dungeon Crawl Stone Soup version 0.21.1-1-g345015f (webtiles) character file.

1612 Mirai the Thaumaturge (level 8, -3/41 HPs)
             Began as a Deep Elf Conjurer on Mar 27, 2018.
             Was an Initiate of Vehumet.
             Slain by a wight
             ... wielding a cursed +3 scimitar
              (13 damage)
             ... on level 6 of the Dungeon.
             The game lasted 00:26:37 (6666 turns).

Mirai the Thaumaturge (Deep Elf Conjurer)           Turns: 6666, Time: 00:26:38

Health: -3/41      AC:  7    Str:  5    XL:     8   Next: 63%
Magic:  13/24      EV: 13    Int: 23    God:    Vehumet [......]
Gold:   342        SH:  0    Dex: 15    Spells: 16/27 levels left

rFire    . . .     SeeInvis .   u - +2 mace (drain)
rCold    . . .     Gourm    +   (no shield)
rNeg     . . .     Faith    .   a - +1 robe
rPois    +         Spirit   .   q - +2 hat {MR+}
rElec    .         Reflect  .   (no cloak)
rCorr    .         Harm     .   J - +1 pair of gloves
MR       +....                  (no boots)
Stlth    ++........             y - amulet of the gourmand
HPRegen  0.13/turn              h - ring of poison resistance
MPRegen  0.19/turn              (no ring)

@: drained
A: no striking features
a: Renounce Religion


You were on level 6 of the Dungeon.
You worshipped Vehumet.
Vehumet was noncommittal.
You were completely stuffed.

You visited 2 branches of the dungeon, and saw 8 of its levels.

You collected 342 gold pieces.

Inventory:

Hand Weapons
 s - a +2 flail of protection
 u - a +2 mace of draining (weapon)
 v - a +1 short sword of venom
 x - a +4 vampiric trident
 L - a cursed -1 dagger
Missiles
 l - 5 silver tomahawks (quivered)
Armour
 a - a +1 robe (worn)
 q - a +2 hat of magic resistance (worn)
 J - a +1 pair of gloves (worn)
Jewellery
 h - a ring of poison resistance (left hand)
 y - an amulet of the gourmand (around neck)
Wands
 r - a wand of disintegration (8)
 t - a wand of enslavement (18)
 B - a wand of digging (5)
 K - a wand of polymorph (13)
Scrolls
 d - 3 scrolls of fog
 f - 2 scrolls of remove curse
 i - a scroll of enchant weapon
 m - 6 scrolls of teleportation
 o - a scroll of immolation
 w - a scroll of enchant armour
 z - 2 scrolls of amnesia
 A - 2 scrolls of fear
 D - a scroll of identify
Potions
 e - 3 potions of curing
 g - 2 potions of invisibility
 j - a potion of might {unknown}
 k - 4 potions of brilliance {unknown}
 n - 2 potions of heal wounds {unknown}
 p - a potion of flight {unknown}
 C - a potion of haste {unknown}
 E - a potion of berserk rage {unknown}
 G - a potion of mutation {unknown}
 H - a potion of cancellation {unknown}
Books
 b - a book of Conjurations

   Spells                             Type                      Level
   a - Magic Dart                     Conjuration                  1
   b - Searing Ray                    Conjuration                  2
   c - Dazzling Spray                 Conjuration/Hexes            3
   d - Fulminant Prism                Conjuration/Hexes            4
   e - Force Lance                    Conjuration/Translocation    4
   f - Iskenderun's Mystic Blast      Conjuration                  4
 I - a book of Cantrips

   Spells                             Type                      Level
   a - Confusing Touch                Hexes                        1
   b - Animate Skeleton               Necromancy                   1
   c - Summon Small Mammal            Summoning                    1
   d - Apportation                    Translocation                1
Comestibles
 c - 10 rations
 F - a chunk of flesh


   Skills:
 - Level 2.4(2.1) Dodging
 - Level 2.4(2.1) Stealth
 + Level 10.4(10.0) Spellcasting
 + Level 6.6(6.3) Conjurations
 + Level 5.6(5.3) Hexes
 + Level 4.6(4.3) Evocations


You had 16 spell levels left.
You knew the following spells:

 Your Spells              Type           Power        Failure   Level  Hunger
a - Magic Dart            Conj           ####         1%          1    None
b - Searing Ray           Conj           #####.       1%          2    None
c - Iskenderun's Mystic   Conj           #####...     4%          4    #......
d - Fulminant Prism       Conj/Hex       #####.....   4%          4    #......


Dungeon Overview and Level Annotations

Branches:
Dungeon (7/15)             Temple (1/1) D:5

Altars:
Ashenzari
Cheibriados
Dithmenos
Elyvilon
Fedhas
Gozag
Hepliaklqana
Makhleb
Nemelex Xobeh
Okawaru
Ru
Sif Muna
Trog
Uskayaw
Vehumet
Wu Jian
Xom
Yredelemnul

Shops:
D:6 (

Annotations:
D:5 1 transporter


Message History

Confirm with . or Enter, or press ? or * to list all spells.
Aiming: Iskenderun's Mystic Blast
Press: ? - help, Shift-Dir - straight line, f - wight
Aim: a wight, wielding an enchanted mace and wearing a robe The orb of energy hits the wight.
The wight is moderately damaged.
The orb of energy explodes!
The wight hits you with an enchanted mace.
* * * LOW HITPOINT WARNING * * *
Unknown command.
Casting: Iskenderun's Mystic Blast
Confirm with . or Enter, or press ? or * to list all spells.
Aiming: Iskenderun's Mystic Blast
Press: ? - help, Shift-Dir - straight line, f/p - wight
Aim: a wight, wielding an enchanted mace and wearing a robe (moderately damaged)
The orb of energy hits the wight.
The wight is heavily damaged.
The orb of energy explodes!
The wight hits you with an enchanted scimitar!
You die...

#...............# #.
#.####.#........# #.
#.# #######....# #. #.#
#....###### #. #.#
#.⌠..### #. #.#
#..⌠.'.# #.
#.#####....#.# ##
#....z######.##########
######@z.........).[[..
#####'#[).#.#########.
#.......###.# ##
#.....[.....# ######
#.......##### #.....
#.......# #.####
#..[....# #.# #.......#
#.# #.......# #.#


You could see 2 wights.

Vanquished Creatures
  The ghost of bmj180 the Digger, a novice GrEE (D:4)
  Sigmund (D:6)
  A phantom (D:6)
  A sky beast (D:6)
  A bullfrog (D:4)
  2 scorpions
  2 wights (D:7)
  2 crimson imps (D:5)
  3 hounds
  2 orc priests
  A bullfrog skeleton (D:5)
  Jessica (D:3)
  Ijyb (D:5)
  10 orc wizards
  An iguana (D:7)
  A howler monkey zombie (D:5)
  5 adders
  An ooze (D:1)
  An adder skeleton (D:4)
  3 worms
  3 dart slugs
  8 leopard geckos
  31 orcs
  2 giant cockroaches (D:1)
  11 hobgoblins
  8 jackals
  9 kobolds
  4 quokkas
  2 ball pythons
  8 bats
  6 frilled lizards
  2 goblins
  7 rats
142 creatures vanquished.

Vanquished Creatures (others)
  A fulminant prism (D:7)
1 creature vanquished.

Grand Total: 143 creatures vanquished

Notes
Turn   | Place    | Note
-------+----------+-------------------------------------------
     0 | D:1      | Mirai the Deep Elf Conjurer began the quest for the Orb.
     0 | D:1      | Reached XP level 1. HP: 10/10 MP: 6/6
   228 | D:1      | Reached skill level 4 in Spellcasting
   228 | D:1      | Reached XP level 2. HP: 15/15 MP: 7/9
   632 | D:1      | Learned a level 2 spell: Searing Ray
   814 | D:2      | Reached skill level 5 in Spellcasting
   814 | D:2      | Reached XP level 3. HP: 19/19 MP: 3/11
  1337 | D:2      | Found a faded altar of an unknown god.
  1408 | D:2      | Reached XP level 4. HP: 24/24 MP: 8/13
  1557 | D:2      | Found a deep blue altar of Sif Muna.
  1602 | D:3      | Reached skill level 6 in Spellcasting
  1962 | D:3      | Reached skill level 7 in Spellcasting
  1966 | D:3      | Reached XP level 5. HP: 24/28 MP: 6/16
  2307 | D:3      | Reached skill level 8 in Spellcasting
  2689 | D:3      | Noticed Jessica
  2699 | D:3      | Killed Jessica
  2699 | D:3      | Reached XP level 6. HP: 32/32 MP: 15/19
  2988 | D:3      | Learned a level 4 spell: Iskenderun's Mystic Blast
  2993 | D:3      | Learned a level 4 spell: Fulminant Prism
  3141 | D:4      | Noticed bmj180's ghost (novice GrEE)
  3170 | D:4      | Found a shattered altar of Ashenzari.
  3272 | D:4      | HP: 1/32 [bmj180's ghost (9)]
  3283 | D:4      | Killed bmj180's ghost
  3283 | D:4      | Reached skill level 9 in Spellcasting
  3283 | D:4      | Reached skill level 1 in Evocations
  3283 | D:4      | Reached XP level 7. HP: 9/36 MP: 8/21
  3528 | D:4      | Reached skill level 5 in Conjurations
  4170 | D:4      | Found a shadowy altar of Dithmenos.
  4170 | D:4      | Found a white marble altar of Elyvilon.
  4171 | D:4      | Found a sacrificial altar of Ru.
  4227 | D:5      | Entered Level 5 of the Dungeon
  4227 | D:5      | Noticed Ijyb
  4231 | D:5      | Killed Ijyb
  4413 | D:5      | Found a bloodstained altar of Trog.
  4683 | D:5      | Found a staircase to the Ecumenical Temple.
  4692 | Temple   | Entered the Ecumenical Temple
  4835 | Temple   | Became a worshipper of Vehumet
  5448 | D:5      | Found a sparkling altar of Nemelex Xobeh.
  5448 | D:5      | Found a transporter.
  5449 | D:5      | Noticed a hippogriff
  5450 | D:5      | Noticed a troll
  5711 | D:6      | Reached XP level 8. HP: 38/41 MP: 18/23
  5777 | D:6      | Noticed Sigmund
  5784 | D:6      | Killed Sigmund
  5784 | D:6      | Reached skill level 10 in Spellcasting
  5838 | D:6      | Reached skill level 5 in Hexes
  5875 | D:6      | Found Kuijan's Antique Weapon Emporium.
  6666 | D:6      | Slain by a wight

Skill      XL: |  1  2  3  4  5  6  7  8 |
---------------+-------------------------+-----
Spellcasting   | 4 5 7 8 9 10 | 10.4
Hexes          | 2 4 5 |  5.6
Evocations     | 1 3 4 |  4.6
Conjurations   | 5 6 |  6.6
Dodging        | |  2.4
Stealth        | |  2.4

Action                   |  1- 3 |  4- 6 |  7- 9 || total
-------------------------+-------+-------+-------++-------
Melee: Long sword        |     4 |     7 |       ||    11
       Mace              |       |       |    11 ||    11
 Cast: Magic Dart        |    74 |    46 |    17 ||   137
       Searing Ray       |     3 |    24 |    47 ||    74
       Iskenderun's Myst |       |       |    14 ||    14
       Fulminant Prism   |       |       |     1 ||     1
Evoke: Wand              |       |     1 |       ||     1
  Use: Scroll            |       |    10 |     2 ||    12
       Potion            |       |     2 |       ||     2
  Eat: Chunk             |     1 |    22 |    12 ||    35
Armor: Robe              |     4 |     8 |    22 ||    34
Dodge: Dodged            |    21 |    30 |    47 ||    98
       Rpst.: Long sword |     3 |     7 |       ||    10
